Unix NetHack Version 5.0.0-0 post-release - last build May 10 2026 23:12:36 (d1fa5d53e341ca933230fdaa984d921c805b60aa,branch:main).

Game began 2026-05-14 22:20:36, ended 2026-05-14 23:54:57.

BaeHund, lawful female human Priestess

                        ---------------------------------
                        |...@....................@......|
                        |.---------------.-----------...|#
                ########.a|....|...|(.(@-.|....|....-....#
                #       |.-....|..[|(((.|.|....|....|...|##
      ------#####       |.|....|.%.|(((.|.-....|....|...|##   -----------
      |.....############|.------)--------.----------|...|a#   |.........|
      |....|           #|.......).....{....|....|%m%|..a|#a   |....@....|
      |.>..|           #|.----..----.......|..@.|%%%|...|#####..........|
      |.....####)#######|@|..|..|..|)@.....|....|m@!|...|#   [-+--- -----
      ------           #|[|..|..| .|......{|....|...|...|a   #
                       #|.--|-.(--|-.......-|----|---...|o   ##
                       #|...............................|# ###
                       #|)----..----.%..----..--|----...|# #
                       #|.-..|..|..-....-..|..|..|..|...|# #
                       #|.|..|..|..|....|..|..|..|..-...|# #         -+-.-
                       #---------------------------------#####     # |...|
                       ###########n##@######%#############   ########-.<.|
                                                                     -----

BaeHund the Adept            St:14 Dx:10 Co:14 In:11 Wi:17 Ch:9  Lawful
Dlvl:8  $:167 HP:0(50) Pw:109(109) AC:6  Xp:7 T:2989  Blind

Latest messages:
 You feel that Tyr is well-pleased.
 You feel much better.
 You hit the invisible wood nymph.
 The invisible wood nymph charms you.  You gladly start removing your shoes.
 The invisible wood nymph just misses!
 The invisible wood nymph stole a crystal wand.
 The invisible wood nymph charms you.  You gladly start removing your helm.
 You can move again.
 The invisible wood nymph steals a +0 iron skull cap!
 The invisible wood nymph vanishes and reappears farther away.
 The invisible wood nymph vanishes and reappears closer to you.
 The invisible wood nymph vanishes and reappears farther away.
 An orc-captain suddenly appears!
 You find a hidden passage.
 You try to feel what is lying here on the floor.
 You feel here a crude dagger.
 You swap places with the peaceful watchman.
 You hear a door open.
 Pick a monster, object or location.
 You hit the rabid rat.
 The rabid rat bites!
 The rabid rat's bite was poisoned!
 The poison doesn't seem to affect you.
 You kill the rabid rat!
 The invisible wood nymph vanishes and reappears close by.
 You are hit!
 The poison doesn't seem to affect you.
 You are hit.
 The poison doesn't seem to affect you.
 You are hit.
 The poison doesn't seem to affect you.
 You are hit!
 The poison doesn't seem to affect you.
 A giant ant suddenly appears!
 A giant ant suddenly appears!
 A giant ant suddenly appears!
 A giant ant suddenly appears!
 You hear someone cursing shoplifters.
 You try to feel what is lying here on the ground.
 You feel here a partly eaten giant beetle corpse.
 You hear a nearby zap.
 The bolt of lightning hits you!
 You hear a nearby zap.
 The bolt of lightning hits you!
 Your platinum wand breaks apart and explodes!
 You hear a nearby zap.
 The bolt of lightning hits you!
 You die...
 Do you want your possessions identified? [ynq] (y) y
 Do you want to see your attributes? [ynq] (y) q

Inventory:
 Coins    ('$')
  $ - 167 gold pieces
 Weapons  (')')
  J - a +0 aklys
  a - a blessed +3 mace (weapon in right hand)
 Armor    ('[')
  p - a blessed +1 pair of iron shoes
  w - a blessed +4 T-shirt with text "I am not a pack rat - I am a collector" (being worn)
 Comestibles  ('%')
  t - a clove of garlic
  x - 5 food rations
  f - 2 sprigs of wolfsbane
 Scrolls  ('?')
  j - a cursed scroll of confuse monster
  E - a scroll of scare monster
 Potions  ('!')
  n - 2 potions of extra healing
  l - a potion of sickness
  d - 2 potions of holy water
 Rings    ('=')
  q - a cursed -1 ring of increase accuracy
 Tools    ('(')
  i - a magic marker (0:21)
  e - a skeleton key
 Gems/Stones  ('*')
  h - a flint stone

BaeHund the Priestess's attributes:

Background:
 You were an Adept, a level 7 human Priestess.
 You were lawful, on a mission for Tyr
 who was opposed by Odin (neutral) and Loki (chaotic).
 You were right-handed.
 You were in the Gnomish Mines, on level 8.
 You entered the dungeon 2989 turns ago.
 It was nighttime.
 You had 682 experience points, 598 more were needed to attain level 8.

Basics:
 You had 0 out of 50 hit points.
 You had all 109 energy points (spell power).
 Your armor class was 6.
 Your wallet contained 167 zorkmids.
 Autopickup was off.

Final Characteristics:
 Your strength was 14 (limit:18/100).
 Your dexterity was 10 (limit:18).
 Your constitution was 14 (limit:18).
 Your intelligence was 11 (limit:18).
 Your wisdom was 17 (limit:18).
 Your charisma was 9 (limit:18).

Final Status:
 You were temporarily blind.
 You weren't hungry.
 You were unencumbered.
 You were wielding a mace.
 You were skilled in mace.

Final Attributes:
 You were piously aligned.
 You were poison resistant.
 You were telepathic.
 You are dead.

Miscellaneous:
 You didn't encounter any bones levels.
 Total elapsed playing time was 33 minutes and 15 seconds.

Major events:
 Turn
    1: BaeHund the lawful human Priestess entered the dungeon
  380: attained the rank of Acolyte (level 3)
 1479: entered the Gnomish Mines
 2401: reached Mine Town
 2408: attained the rank of Adept (level 6)
 2989: killed by a bolt of lightning zapped by a wood nymph

Spells:
 Name                 Level Category     Fail Retention
 detect monsters        1   divination     0%  76%-100%
 stone to flesh         3   healing       89%  76%-100%
 charm monster          5   enchantment  100%  76%-100%
 drain life             2   attack        58%  76%-100%
 invisibility           4   escape       100%  76%-100%

Skills:
 Fighting Skills
   bare handed combat [Unskilled]
 Weapon Skills
   club               [Unskilled]
   mace               [Skilled]
   morning star       [Unskilled]
   flail              [Unskilled]
   hammer             [Unskilled]
   quarterstaff       [Unskilled]
   polearms           [Unskilled]
   spear              [Unskilled]
   trident            [Unskilled]
   lance              [Unskilled]
   bow                [Unskilled]
   sling              [Unskilled]
   crossbow           [Unskilled]
   dart               [Unskilled]
   shuriken           [Unskilled]
   boomerang          [Unskilled]
   unicorn horn       [Unskilled]
 Spellcasting Skills
   healing spells     [Unskilled]
   divination spells  [Unskilled]
   clerical spells    [Basic]

Voluntary challenges:
 Character rerolling was not enabled.
 You never genocided any monsters.
 You never polymorphed an object.
 You never changed form.
 You used no wishes.
Achievements:
 You attained the rank of Acolyte.
 You entered a shop.
 You entered the Gnomish Mines.
 You entered Minetown.
 You attained the rank of Adept.
 You entered a temple.

 The Dungeons of Doom: levels 1 to 4
    Level 1:
       An altar, a fountain.
    Level 2:
       An altar, a fountain, a tree.
    Level 3:
       A food shop.
    Level 4:
       A scroll shop.
       Stairs down to The Gnomish Mines.
 The Gnomish Mines: levels 5 to 8
    Level 5:
    Level 6:
    Level 7:
    Level 8: <- You were here.
       Some shops, a temple and an altar, some fountains.
       Final resting place for
          you, killed by a bolt of lightning zapped by a wood nymph.


Vanquished creatures:
  a small mimic
  a large dog
  a giant beetle
  a quivering blob
  a jaguar
  3 human zombies
  a shrieker
  4 gnome leaders
  2 gnomish wizards
  a little dog
  a kitten
  6 dwarves
  a kobold leader
 11 hill orcs
  a rabid rat
  a giant bat
 an iguana
  5 coyotes
  a hobbit
  a large kobold
  a hobgoblin
  2 giant rats
 29 gnomes
  a gecko
  4 jackals
  a fox
  3 kobolds
  2 goblins
  7 grid bugs
  a bat
  2 lichens
  2 kobold zombies
  a newt
101 creatures vanquished.

No species were genocided or became extinct.

Game over:
                       ----------
                      /          \
                     /    REST    \
                    /      IN      \
                   /     PEACE      \
                  /                  \
                  |     BaeHund      |
                  |      167 Au      |
                  | killed by a bolt |
                  |   of lightning   |
                  | zapped by a wood |
                  |      nymph       |
                  |       2026       |
                 *|     *  *  *      | *
        _________)/\\_//(\/(/\)/\//\/|_)_______

Goodbye BaeHund the Priestess...

You died in The Gnomish Mines on dungeon level 8 with 3239 points,
and 167 pieces of gold, after 2989 moves.
You were level 7 with a maximum of 50 hit points when you died.

